[Event "Klatovy Open-B 2024"]
[Site "Klatovy"]
[Date "2024.07.05"]
[Round "7.1"]
[White "Kaderabek, Jiri"]
[Black "Beran, Jakub"]
[Result "1/2-1/2"]
[ECO "B51"]
[WhiteElo "1984"]
[BlackElo "1791"]
[Annotator "NA RC"]
[PlyCount "74"]
[EventDate "2024.06.21"]
[EventType "swiss"]
[EventCountry "CZE"]
[SourceTitle "playchess.com"]
[Source "ChessBase"]
[SourceQuality "1"]
[TimeControl "40/7200:0"]

1. e4 c5 2. Nf3 Nc6 3. Bb5 d6 4. Bxc6+ bxc6 5. e5 d5 6. h3 e6 7. O-O Ne7 8. d3 Ng6 9. b3 a5 10. Nc3 Qc7 11. Qe2 Ba6 12. Ba3 Bb5 13. Qe3 d4 14. Nxb5 cxb5 15. Qe4 Rd8 16. Bb2 Be7 17. a4 b4 18. Rae1 Rd5 19. Bc1 Kd7 20. Re2 Kc8 21. Rfe1 Kb8 22. Qg4 Qd8 23. Re4 Kb7 24. Qg3 h6 25. h4 Bf8 26. h5 Ne7 27. Nh4 Rg8 28. Qf3 g5 29. hxg6 fxg6 30. Qf7 g5 31. Nf3 Qc8 32. Nd2 Rg7 33. Qh5 Nf5 34. Nc4 Ka6 35. Rg4 Be7 36. Bd2 Rd8 37. Rge4 Qc6 1/2-1/2

[Event "Klatovy Open-B 2024"]
[Site "Klatovy"]
[Date "2024.07.05"]
[Round "7.4"]
[White "Koper, Stefan"]
[Black "Bukvaj, Jan"]
[Result "1-0"]
[ECO "E90"]
[WhiteElo "1845"]
[BlackElo "1652"]
[Annotator "NA RC"]
[PlyCount "67"]
[EventDate "2024.06.21"]
[EventType "swiss"]
[EventCountry "CZE"]
[SourceTitle "playchess.com"]
[Source "ChessBase"]
[SourceQuality "1"]
[TimeControl "40/7200:0"]

1. d4 Nf6 2. c4 g6 3. Nc3 Bg7 4. e4 d6 5. h3 O-O 6. Nf3 Nbd7 7. Bd3 e5 8. d5 Nh5 9. g3 Nc5 10. Bc2 h6 11. b4 Na6 12. a3 f5 13. Nd2 f4 14. g4 Nf6 15. f3 g5 16. Nb3 Kf7 17. Bb2 h5 18. Qe2 Rh8 19. O-O-O hxg4 20. hxg4 Rxh1 21. Rxh1 Qe7 22. Bd3 Bd7 23. Kb1 Rh8 24. Rxh8 Bxh8 25. Qf2 b6 26. c5 Nb8 27. c6 Be8 28. a4 Qd8 29. a5 Ng8 30. Bc1 Bg7 31. Qa2 Qc8 32. axb6 axb6 33. Nb5 Ke7 34. Qa8 1-0

[Event "Klatovy Open-B 2024"]
[Site "Klatovy"]
[Date "2024.07.05"]
[Round "7.5"]
[White "Stastny, Matej"]
[Black "Chmelik, Ladislav"]
[Result "0-1"]
[ECO "C41"]
[WhiteElo "1674"]
[BlackElo "1795"]
[Annotator "NA RC"]
[PlyCount "64"]
[EventDate "2024.06.21"]
[EventType "swiss"]
[EventCountry "CZE"]
[SourceTitle "playchess.com"]
[Source "ChessBase"]
[SourceQuality "1"]
[TimeControl "40/7200:0"]

1. e4 d6 2. d4 g6 3. Nc3 Bg7 4. Be3 Nf6 5. f3 O-O 6. Qd2 Re8 7. Bc4 Nbd7 8. O-O-O e5 9. Nge2 exd4 10. Nxd4 a6 11. Bb3 Nc5 12. g4 Nxb3+ 13. Nxb3 b5 14. g5 Nh5 15. Bd4 Bf8 16. Ne2 Be6 17. Ng3 Ng7 18. h4 c5 19. Bf6 Qc7 20. h5 Rec8 21. hxg6 fxg6 22. Qh2 Ne8 23. e5 Ra7 24. Ne4 d5 25. Nc3 d4 26. Ne4 a5 27. Na1 Bxa2 28. b3 a4 29. Qe2 axb3 30. Nxb3 Bxb3 31. cxb3 Qa5 32. Qb2 c4 0-1

[Event "Klatovy Open-B 2024"]
[Site "Klatovy"]
[Date "2024.07.05"]
[Round "7.6"]
[White "Janouskova, Eliska"]
[Black "Rudlof, Jan"]
[Result "0-1"]
[ECO "B13"]
[WhiteElo "1670"]
[BlackElo "1799"]
[Annotator "NA RC"]
[PlyCount "100"]
[EventDate "2024.06.21"]
[EventType "swiss"]
[EventCountry "CZE"]
[SourceTitle "playchess.com"]
[Source "ChessBase"]
[SourceQuality "1"]
[TimeControl "40/7200:0"]

1. e4 c6 2. Nf3 d5 3. Nc3 Nf6 4. exd5 cxd5 5. d4 Nc6 6. Be2 Bf5 7. O-O h6 8. Be3 e6 9. Qd2 Bb4 10. Bd3 Ne4 11. Bxe4 Bxe4 12. Qe2 Bg6 13. a3 Be7 14. Rad1 O-O 15. Bf4 Rc8 16. Ne5 Nxe5 17. Bxe5 Bxa3 18. Qb5 Qb6 19. Qxb6 axb6 20. bxa3 Rxc3 21. Rb1 Rc6 22. Rb2 Bxc2 23. Rc1 Rfc8 24. h3 Ba4 25. Rxc6 Rxc6 26. Bb8 b5 27. Bf4 Rc3 28. Bd6 Rc1+ 29. Kh2 Rc4 30. Rd2 g5 31. Rd3 Kg7 32. Be5+ Kg6 33. Rf3 f5 34. g4 f4 35. Rd3 b4 36. axb4 Rxb4 37. Bd6 Rc4 38. Rd2 b5 39. Ba3 b4 40. Bb2 Bc2 41. Kg2 Rc6 42. Re2 Kf7 43. Re1 Be4+ 44. Kf1 Rc2 45. Ba1 Ra2 46. f3 Bxf3 47. Rb1 Be4 48. Rc1 Kf6 49. Ke1 b3 50. Bc3 b2 0-1

[Event "Klatovy Open-B 2024"]
[Site "Klatovy"]
[Date "2024.07.05"]
[Round "7.7"]
[White "Vasko, Pavel"]
[Black "Svejdar, Pavel"]
[Result "0-1"]
[ECO "C01"]
[WhiteElo "1655"]
[BlackElo "1721"]
[Annotator "NA RC"]
[PlyCount "46"]
[EventDate "2024.06.21"]
[EventType "swiss"]
[EventCountry "CZE"]
[SourceTitle "playchess.com"]
[Source "ChessBase"]
[SourceQuality "1"]
[TimeControl "40/7200:0"]

1. e4 e6 2. d4 d5 3. exd5 exd5 4. Nf3 Nf6 5. Be2 Be7 6. O-O O-O 7. h3 Bf5 8. Bd3 Bxd3 9. Qxd3 Nbd7 10. Bf4 c6 11. Nbd2 a6 12. Rfe1 Re8 13. c3 Nf8 14. Nf1 Ne6 15. Bh2 Bd6 16. Re2 Ne4 17. Qc2 Bxh2+ 18. N3xh2 Qg5 19. Re3 Nf4 20. Ng3 Nxg3 21. Rxe8+ Rxe8 22. fxg3 Qxg3 23. Nf1 Qg5 0-1

[Event "Klatovy Open-B 2024"]
[Site "Klatovy"]
[Date "2024.07.05"]
[Round "7.8"]
[White "Vo, Daniel"]
[Black "Vrzal, Vaclav"]
[Result "1-0"]
[ECO "B19"]
[WhiteElo "1705"]
[BlackElo "1682"]
[Annotator "NA RC"]
[PlyCount "59"]
[EventDate "2024.06.21"]
[EventType "swiss"]
[EventCountry "CZE"]
[SourceTitle "playchess.com"]
[Source "ChessBase"]
[SourceQuality "1"]
[TimeControl "40/7200:0"]

1. e4 c6 2. d4 d5 3. Nc3 dxe4 4. Nxe4 Bf5 5. Ng3 Bg6 6. h4 h6 7. h5 Bh7 8. Nf3 Nd7 9. Bd3 Bxd3 10. Qxd3 Ngf6 11. Bd2 Qc7 12. O-O-O e6 13. Rhe1 O-O-O 14. Kb1 Bd6 15. c4 c5 16. Bc3 Rhe8 17. a3 cxd4 18. Nxd4 Nc5 19. Qc2 a6 20. Qe2 Bxg3 21. fxg3 Nce4 22. Qe3 Qxc4 23. Rc1 Kb8 24. Nc6+ Qxc6 25. Be5+ Ka8 26. Rxc6 bxc6 27. Qb6 Rd7 28. Qxa6+ Ra7 29. Qxc6+ Rb7 30. Rxe4 1-0

[Event "Klatovy Open-B 2024"]
[Site "Klatovy"]
[Date "2024.07.05"]
[Round "7.9"]
[White "Kusova, Nikola"]
[Black "Trejbal, Jindrich"]
[Result "1/2-1/2"]
[ECO "C27"]
[WhiteElo "1696"]
[BlackElo "1953"]
[Annotator "NA RC"]
[PlyCount "47"]
[EventDate "2024.06.21"]
[EventType "swiss"]
[EventCountry "CZE"]
[SourceTitle "playchess.com"]
[Source "ChessBase"]
[SourceQuality "1"]
[TimeControl "40/7200:0"]

1. e4 e5 2. Nc3 Nf6 3. Bc4 Nxe4 4. Qh5 Nd6 5. Bb3 Be7 6. Nf3 O-O 7. Nxe5 Nc6 8. O-O Nxe5 9. Qxe5 Bf6 10. Qg3 Nf5 11. Qf4 d6 12. d3 Be5 13. Qg5 Qxg5 14. Bxg5 c6 15. Rfe1 Be6 16. Bxe6 fxe6 17. Ne2 b5 18. c3 h6 19. Bd2 c5 20. Rad1 Rac8 21. Bf4 Bxf4 22. Nxf4 e5 23. Nd5 Rf7 24. f3 1/2-1/2

[Event "Klatovy Open-B 2024"]
[Site "Klatovy"]
[Date "2024.07.05"]
[Round "7.10"]
[White "Vratny, Vojtech"]
[Black "Brychta, David"]
[Result "0-1"]
[ECO "E11"]
[WhiteElo "1564"]
[BlackElo "2124"]
[Annotator "NA RC"]
[PlyCount "66"]
[EventDate "2024.06.21"]
[EventType "swiss"]
[EventCountry "CZE"]
[SourceTitle "playchess.com"]
[Source "ChessBase"]
[SourceQuality "1"]
[TimeControl "40/7200:0"]

1. d4 Nf6 2. c4 e6 3. Nf3 Bb4+ 4. Bd2 Bxd2+ 5. Qxd2 O-O 6. Nc3 d5 7. e3 b6 8. cxd5 Nxd5 9. Bd3 Nxc3 10. bxc3 Bb7 11. e4 Nd7 12. O-O c5 13. Rac1 Rc8 14. Rfd1 Qe7 15. Qe3 Rc7 16. c4 cxd4 17. Nxd4 Ba6 18. f4 Nc5 19. f5 e5 20. Nf3 Rfc8 21. Nd2 Qd7 22. Be2 Qe7 23. Bg4 Rd8 24. Nb3 Rxd1+ 25. Bxd1 Bb7 26. Nxc5 Rxc5 27. Be2 Ra5 28. Rc2 Ra3 29. Bd3 h6 30. Qd2 Qc5+ 31. Kh1 Qd4 32. Be2 Qxe4 33. Bf3 Qxf5 0-1

[Event "Klatovy Open-B 2024"]
[Site "Klatovy"]
[Date "2024.07.05"]
[Round "7.11"]
[White "Bukvaj, Martin"]
[Black "Kasik, Denis"]
[Result "1/2-1/2"]
[ECO "E06"]
[WhiteElo "1687"]
[BlackElo "1596"]
[Annotator "NA RC"]
[PlyCount "89"]
[EventDate "2024.06.21"]
[EventType "swiss"]
[EventCountry "CZE"]
[SourceTitle "playchess.com"]
[Source "ChessBase"]
[SourceQuality "1"]
[TimeControl "40/7200:0"]

1. d4 Nf6 2. Nf3 d5 3. g3 e6 4. Bg2 c5 5. O-O Be7 6. c4 O-O 7. cxd5 Nxd5 8. e4 Nf6 9. Nc3 cxd4 10. Nxd4 e5 11. Nf5 Nc6 12. Nxe7+ Qxe7 13. Bg5 Rd8 14. Nd5 Qd6 15. Bxf6 gxf6 16. Qh5 Ne7 17. Rad1 Nxd5 18. Rxd5 Qe7 19. Rxd8+ Qxd8 20. Rd1 Qe7 21. Qe2 Be6 22. a3 Rd8 23. Rd2 Rxd2 24. Qxd2 Qd7 25. Qxd7 Bxd7 26. Kf1 Kf8 27. Ke2 Ke7 28. Kd3 Kd6 29. b4 Kc6 30. Kc3 Kb6 31. Bf1 Bc6 32. Bd3 Bb5 33. Bc4 Bxc4 34. Kxc4 Kc6 35. a4 b6 36. f4 a6 37. b5+ axb5+ 38. axb5+ Kd6 39. h3 exf4 40. gxf4 Ke6 41. Kd4 Kd6 42. h4 Ke6 43. h5 h6 44. Kc4 Kd6 45. Kd4 1/2-1/2

[Event "Klatovy Open-B 2024"]
[Site "Klatovy"]
[Date "2024.07.05"]
[Round "7.12"]
[White "Koupil, Stepan"]
[Black "Velkoborsky, Tadeas"]
[Result "1/2-1/2"]
[ECO "C45"]
[WhiteElo "1685"]
[BlackElo "1578"]
[Annotator "NA RC"]
[PlyCount "104"]
[EventDate "2024.06.21"]
[EventType "swiss"]
[EventCountry "CZE"]
[SourceTitle "playchess.com"]
[Source "ChessBase"]
[SourceQuality "1"]
[TimeControl "40/7200:0"]

1. e4 e5 2. Nf3 Nc6 3. d4 exd4 4. Nxd4 Bc5 5. Be3 Qf6 6. c3 Nge7 7. Qf3 Qxf3 8. gxf3 Nxd4 9. cxd4 Bb4+ 10. Nc3 d5 11. O-O-O dxe4 12. fxe4 Bxc3 13. bxc3 Bg4 14. Rd2 Bf3 15. Rg1 Bxe4 16. Rxg7 Bg6 17. Bd3 h6 18. Bxg6 Nxg6 19. d5 Rd8 20. Bd4 Rxd5 21. Re2+ Kf8 22. Bf6 Rg8 23. Rxg8+ Kxg8 24. Re8+ Kh7 25. Rc8 Rd7 26. h4 Ne7 27. Ra8 Kg6 28. Bxe7 Rxe7 29. Rxa7 b6 30. Kd2 Kh5 31. Ra4 f5 32. Kd3 Rg7 33. f3 Rg2 34. a3 Rh2 35. Rf4 Rxh4 36. Rxf5+ Kg6 37. Rd5 h5 38. Rd7 Rf4 39. Ke3 Rf7 40. Rd4 Rh7 41. Kf2 h4 42. Kg2 h3+ 43. Kh2 Kf5 44. a4 c5 45. Rd6 Kf4 46. Rxb6 Kxf3 47. Rb3 c4 48. Rb4 Rc7 49. Rb5 Ke3 50. Rd5 Ra7 51. a5 Ke4 52. Rd4+ Ke5 1/2-1/2

[Event "Klatovy Open-B 2024"]
[Site "Klatovy"]
[Date "2024.07.05"]
[Round "7.13"]
[White "Stanke, Petr"]
[Black "Mojzisova, Barbora"]
[Result "0-1"]
[ECO "D37"]
[WhiteElo "1683"]
[BlackElo "1535"]
[Annotator "NA RC"]
[PlyCount "102"]
[EventDate "2024.06.21"]
[EventType "swiss"]
[EventCountry "CZE"]
[SourceTitle "playchess.com"]
[Source "ChessBase"]
[SourceQuality "1"]
[TimeControl "40/7200:0"]

1. d4 d5 2. c4 e6 3. Nf3 Nf6 4. Nc3 Be7 5. e3 b6 6. cxd5 Nxd5 7. Nxd5 Qxd5 8. Qc2 Bb4+ 9. Bd2 Bxd2+ 10. Qxd2 O-O 11. Be2 Bb7 12. O-O Nd7 13. b4 Nf6 14. Rac1 Rac8 15. a4 Ne4 16. Qb2 Nd6 17. Rfd1 Qe4 18. Rc2 Rfd8 19. Bd3 Qg4 20. Be2 Qg6 21. Rdc1 Rd7 22. b5 h6 23. Qb4 Be4 24. Rc3 Nf5 25. Ne1 Ne7 26. Qa3 Nd5 27. Rc4 Nf6 28. Bd3 Ng4 29. Bxe4 Qxe4 30. Qd3 Qxd3 31. Nxd3 Re7 32. h3 Nf6 33. Ne5 Ne8 34. Nc6 Rd7 35. Nxa7 Ra8 36. Nc6 Nd6 37. Rb4 f6 38. Ra1 Ne4 39. f3 Nc3 40. a5 bxa5 41. Rxa5 Rxa5 42. Nxa5 Rd5 43. Nb3 Rxb5 44. Rxb5 Nxb5 45. Kf2 Kf7 46. e4 c6 47. Ke3 e5 48. d5 cxd5 49. exd5 Nc3 50. Nc5 Nxd5+ 51. Ke4 Nf4 0-1

[Event "Klatovy Open-B 2024"]
[Site "Klatovy"]
[Date "2024.07.05"]
[Round "7.14"]
[White "Kolman, Pavel Petr"]
[Black "Spackova, Martina"]
[Result "1-0"]
[ECO "C56"]
[WhiteElo "1582"]
[BlackElo "1777"]
[Annotator "NA RC"]
[PlyCount "113"]
[EventDate "2024.06.21"]
[EventType "swiss"]
[EventCountry "CZE"]
[SourceTitle "playchess.com"]
[Source "ChessBase"]
[SourceQuality "1"]
[TimeControl "40/7200:0"]

1. e4 e5 2. Nf3 Nc6 3. d4 exd4 4. Bc4 Nf6 5. e5 d5 6. Bb5 Ne4 7. Nxd4 Bd7 8. Bxc6 bxc6 9. O-O c5 10. Ne2 Bb5 11. f3 Ng5 12. Nbc3 Bc4 13. Nxd5 Nxf3+ 14. Rxf3 Qxd5 15. Qxd5 Bxd5 16. Rf1 c4 17. Nc3 Bc5+ 18. Kh1 c6 19. Bf4 O-O 20. b3 Rfe8 21. Rad1 Rad8 22. Nxd5 cxd5 23. c3 h6 24. b4 Bb6 25. a4 Re6 26. g3 Bc7 27. Rfe1 g5 28. Be3 Bxe5 29. Rc1 a6 30. b5 axb5 31. axb5 Bc7 32. Bd4 Rb8 33. Rxe6 fxe6 34. Rb1 e5 35. b6 Bd6 36. Bf2 Kf7 37. b7 Ke6 38. Ba7 Kf5 39. Bxb8 Bxb8 40. Kg2 Ke4 41. Kf2 d4 42. cxd4 exd4 43. Ke2 d3+ 44. Kd2 Kd4 45. Ra1 c3+ 46. Kd1 Ke3 47. Ra6 c2+ 48. Kc1 Kd4 49. Kd2 h5 50. Ra8 Bc7 51. b8=Q Bxb8 52. Rxb8 Ke4 53. Rh8 h4 54. gxh4 gxh4 55. Rxh4+ Kf3 56. Rh3+ Ke4 57. Rg3 1-0